 Dungeon Crawl Stone Soup version 0.28-a0-691-gad6df49e81 (webtiles) character file.

Game seed: 6117822085606070384

66 Irenicus the Digger (level 3, -3/28 HPs)
             Began as a Deep Dwarf Earth Elementalist on Oct 20, 2021.
             Killed by divine providence
             ... invoked by an orc priest
              (14 damage)
             ... on level 4 of the Dungeon.
             The game lasted 00:02:21 (291 turns).

Irenicus the Digger (Deep Dwarf Earth Elementalist)  Turns: 291, Time: 00:02:21

Health: -3/28      AC:  2    Str: 11    XL:     3   Next: 96%
Magic:  1/5        EV: 12    Int: 16    God:
Gold:   27         SH:  0    Dex: 13    Spells: 4/5 levels left

rFire   . . .      SeeInvis .   f - +0 dagger
rCold   . . .      Faith    .   (no shield)
rNeg    . . .      Spirit   .   b - +0 robe
rPois   .          Reflect  .   (no helmet)
rElec   .          Harm     .   (no cloak)
rCorr   .          Rampage  .   (no gloves)
Will    .....                   (no boots)
Stlth   ++........              (no amulet)
HPRegen 0.00/turn               (no ring)
MPRegen 0.09/turn               (no ring)

@: no status effects
A: damage resistance, heal wounds, sense surroundings 1, no regeneration
a: Heal Wounds


You were on level 4 of the Dungeon.
You visited 1 branch of the dungeon, and saw 4 of its levels.

You collected 27 gold pieces.


Innate Abilities, Weirdness & Mutations

You are resistant to damage.
You can heal yourself by infusing magical energy.
You passively map a small area around you.
You do not regenerate.


   Skills:
 - Level 2.1 Dodging
 - Level 2.4 Stealth
 - Level 1.7 Spellcasting
 - Level 0.8 Transmutations
 + Level 6.5 Earth Magic


You had 4 spell levels left.
You knew the following spells:

 Your Spells              Type           Power      Damage    Failure   Level
z - Sandblast             Erth           44%        2d11      1%          1

Your spell library contained the following spells:

 Spells                   Type           Power      Damage    Failure   Level
 Passwall                 Tmut/Erth      10%        N/A       7%          2
 Stone Arrow              Conj/Erth      22%        3d8       17%         3
 Wereblood                Tmut           4%         N/A       22%         2
 Sublimation of Blood     Necr           0%         N/A       32%         2
 Petrify                  Tmut/Erth      13%        N/A       43%         4
 Summon Hydra             Summ           0%         N/A       100%        7

Inventory:

Hand Weapons
 a - a +0 short sword
 f - a +0 dagger (weapon)
Missiles
 c - 75 stones
Armour
 b - a +0 robe (worn)
Scrolls
 d - a scroll of identify {unknown}

Dungeon Overview and Level Annotations

Branches:
Dungeon (4/15)
 Temple: D:4-7

Altars:

#.#####.#.#.#####.
#.# #.>.#.#.#*###.
#.# #.#.# #.. ....
#.###.###.#.......
#.#.......##.#####
#.#.##.#### .#
###.#)#....#
#..o#o.....## ,
#..@o.......+ ,
#..########## #..
,, , *, ,, #.# **
* , , #. , * , *
#.** * , , , # ,,
** , * ,


You could see an orc priest, an orc wizard and an orc.


Message History

You closely miss something. Something hits you.
The orc wizard points at you and mumbles some strange words.
Casting: Sandblast (safe; 1% risk of failure)
Confirm with . or Enter, or press ? or * to list all spells.
Aiming: Sandblast (safe; 1% risk of failure)
Press: ? - help, Shift-Dir - straight line, f - orc wizard
Aim: an orc wizard, wielding a +0 dagger and wearing a +0 robe (76% to hit)
The blast of sand hits something!
Reactivating autopickup.
You feel a bit more experienced.
An orc priest comes into view. It is wielding a +0 whip.
Your Earth Magic skill increases to level 6!
Okay, then.
You hit the orc wizard.
The orc wizard is lightly wounded.
The orc wizard closely misses you.
The orc priest mumbles some strange prayers to Beogh against you.
Pain shoots through your body!
* * * LOW HITPOINT WARNING * * *
It was a potion of curing.
You feel better.
An orc comes into view. It is wielding a +0 club.
The orc priest hits you with a +0 whip.
* * * LOW HITPOINT WARNING * * *
The orc shouts!
The orc hits you with a +0 club.
* * * LOW HITPOINT WARNING * * *
The orc priest invokes the aid of Beogh against you.
Beogh smites you!
Ouch! That really hurt!
You die...

Skill      XL: |  1  2  3 |
---------------+----------+-----
Earth Magic    | 5 6 |  6.5
Dodging        | |  2.1
Stealth        | |  2.4
Spellcasting   | |  1.7
Transmutations | |  0.8

Action                   || total
-------------------------++-------
Melee: Short sword       ||     4
       Dagger            ||     9
 Cast: Sandblast         ||    21
  Use: Potion            ||     1
 Stab: Sleeping          ||     3
Armor: Robe              ||     1
Dodge: Dodged            ||    18

Levels and vault maps discovered:
D:1:      lightli_arrival_windingriver, layout_basic,
          shapermc_ecumenical_altar_mp_highgroup, minmay_misc_feat_cross,
          minmay_tiny_reverse_x
D:2:      layout_rooms
D:3:      layout_basic, nicolae_qazlal_scattered_showers,
          nicolae_yredelemnul_corpse_copse
D:4:      layout_basic

Notes
Turn   | Place    | Note
-------+----------+-------------------------------------------
     0 | D:1      | Irenicus the Deep Dwarf Earth Elementalist began the quest
                  | for the Orb.
     0 | D:1      | Reached XP level 1. HP: 15/15 MP: 3/3
   116 | D:3      | Reached XP level 2. HP: 22/22 MP: 2/4
   129 | D:4      | Noticed a scorpion
   212 | D:4      | Reached skill level 5 in Earth Magic
   265 | D:4      | Identified a +0 robe of the Archmagi
   278 | D:4      | Reached XP level 3. HP: 21/28 MP: 2/5
   282 | D:4      | Reached skill level 6 in Earth Magic
   291 | D:4      | Killed from afar by an orc priest

Vanquished Creatures
  2 orc wizards (D:4)
  A dart slug (D:4)
  An orc (D:4)
  A ball python (D:4)
  2 bats (D:1)
  An endoplasm (D:1)
  3 goblins
  A quokka (D:2)
  A frilled lizard (D:3)
  A kobold (D:1)
  A rat (D:2)
15 creatures vanquished.

Table legend: (Time is in decaauts)
 A = Elapsed time spent in this place.
 B = Non-inter-level travel time spent in this place.
 C = Inter-level travel time spent in this place.
 D = Time resting spent in this place.
 E = Time spent auto-exploring this place.
 F = Levels seen in this place.
 G = Mean time per level.
                   A        B        C        D        E       F      G
               +--------+--------+--------+--------+--------+-----+--------+
         Total |    292 |    292 |      0 |      0 |      0 |   4 |   73.0 |
       Dungeon |    292 |    292 |      0 |      0 |      0 |   4 |   73.0 |
               +--------+--------+--------+--------+--------+-----+--------+

Top non-repeatable levels by time:
     D:4: 172 daAuts
     D:1: 82 daAuts
     D:3: 25 daAuts
     D:2: 11 daAuts

Table legend:
 A = Non-vault XP
 B = Vault XP
 C = Vault XP percentage of total XP
 D = Non-vault monster count
 E = Vault monster count
 F = Vault count percentage of total count
                 A         B        C        D         E       F
            +---------+---------+-------+---------+---------+-------
      Total |      95 |       0 |   0.0 |      15 |       0 |   0.0
            +---------+---------+-------+---------+---------+-------
        D:1 |       8 |       0 |   0.0 |       5 |       0 |   0.0
        D:2 |       3 |       0 |   0.0 |       2 |       0 |   0.0
        D:3 |       1 |       0 |   0.0 |       1 |       0 |   0.0
        D:4 |      83 |       0 |   0.0 |       7 |       0 |   0.0
            +---------+---------+-------+---------+---------+-------
